 Dungeon Crawl Stone Soup version 0.29.1-2-gbd0b4ee654 (webtiles) character file.

Game seed: 13183765666130328893

1782 xian the Agent of Entropy (level 8, 0/55 (61) HPs)
             Began as a Demonspawn Abyssal Knight on Nov 4, 2022.
             Was a Priest of Lugonu.
             Slain by a wight
             ... wielding a +2 short sword of freezing
              (2 damage)
             ... on level 6 of the Dungeon.
             The game lasted 00:11:06 (5613 turns).

xian the Agent of Entropy (DsAK)                    Turns: 5613, Time: 00:11:07

HP:   0/55 (61)     AC: 17    Str: 16    XL:     8   Next: 81%
MP:   14/14         EV: 12    Int: 11    God:    Lugonu [***...]
Gold: 421           SH:  0    Dex: 14    Spells: 7/7 levels left

rFire   + . .      SeeInvis .   a - +1 hand axe
rCold   . . .      Faith    .   (no shield)
rNeg    . . .      Spirit   .   v - +2 leather armour {rF+}
rPois   .          Reflect  .   (helmet restricted)
rElec   .          Harm     .   (no cloak)
rCorr   .          Rampage  .   (no gloves)
Will    .....                   p - +0 pair of boots
Stlth   ++........              (no amulet)
HPRegen 0.18/turn               j - +4 ring of protection
MPRegen 0.14/turn               h - +4 ring of protection

@: drained, invisible
A: horns 1, yellow scales 2, foul stench 2
a: Renounce Religion, Depart the Abyss, Bend Space, Banish


You were on level 6 of the Dungeon.
You worshipped Lugonu.
Lugonu was most pleased with you.
You visited 1 branch of the dungeon, and saw 6 of its levels.
You visited the Abyss 1 time.

You collected 421 gold pieces.

Inventory:

Hand Weapons
 a - a +1 hand axe (weapon)
 w - a +0 arbalest
Missiles
 i - 15 poisoned darts (quivered)
Armour
 p - a +0 pair of boots (worn)
 v - a +2 leather armour of fire resistance (worn)
Jewellery
 g - a +6 ring of dexterity
 h - a +4 ring of protection (right hand)
 j - a +4 ring of protection (left hand)
Wands
 b - a wand of polymorph (4)
 t - a wand of iceblast (13)
 z - a wand of flame (18)
Scrolls
 c - 2 scrolls of blinking
 e - 3 scrolls of amnesia {unknown}
 k - a scroll of brand weapon {unknown}
 l - a scroll of immolation {unknown}
 m - 2 scrolls of fear {unknown}
 s - 2 scrolls of teleportation {unknown}
 x - a scroll of identify {unknown}
 y - a scroll of poison {unknown}
Potions
 d - 4 potions of curing
 n - a potion of flight {unknown}
 o - a potion of lignification {unknown}
 q - a potion of degeneration {unknown}
 r - a potion of mutation {unknown}
 u - 2 potions of haste {unknown}


   Skills:
 + Level 4.8 Fighting
 + Level 6.0 Axes
 + Level 2.6 Throwing
 + Level 3.0 Armour
 + Level 3.0 Dodging
 + Level 2.0 Stealth
 * Level 8.6 Invocations


You had 7 spell levels left.
You didn't know any spells.
Your spell library contained the following spells:

 Spells                   Type           Power      Damage    Failure   Level
 Blink                    Tloc           0%         N/A       54%         2
 Static Discharge         Conj/Air       0%         3-3/arc   54%         2
 Lightning Bolt           Conj/Air       0%         1d11      100%        5
 Manifold Assault         Tloc           0%         N/A       100%        5
 Storm Form               Tmut/Air       0%         N/A       100%        7
 Maxwell's Capacitive Co  Air            0%         ∞         100%        8


Dungeon Overview and Level Annotations

Branches:
Dungeon (6/15)
 Temple: D:4-7

Altars:
Gozag

Shops:
D:5 =

Annotations:
D:3 3 runed translucent doors, qeuew's ghost, amateur SpHu
Abyss:1 Blork the orc; Dowan; Edmund; Grinder


Innate Abilities, Weirdness & Mutations

You have a pair of small horns on your head.
You are mostly covered in yellow scales. (AC +3)
You sometimes emit foul miasma when damaged in melee.


Message History

The wight is lightly damaged.
The wight barely misses you.
You hit the wight but do no damage.
The wight is lightly damaged.
The wight hits you but does no damage.
You hit the wight.
The wight is lightly damaged.
The wight barely misses you.
You hit the wight.
The wight is moderately damaged.
The wight hits you with a +2 short sword of freezing.
You feel drained. The wight freezes you.
You hit the wight. Your headbutt misses the wight.
The wight is moderately damaged.
The wight barely misses you.
You hit the wight but do no damage.
You headbutt the wight, but do no damage.
The wight is moderately damaged.
The wight hits you but does no damage.
You hit the wight but do no damage.
The wight is moderately damaged.
The wight hits you with a +2 short sword of freezing.
* * * LOW HITPOINT WARNING * * *
The wight freezes you.
* * * LOW HITPOINT WARNING * * *
You hit the wight but do no damage. You headbutt the wight.
The wight is heavily damaged.
The wight hits you with a +2 short sword of freezing.
* * * LOW HITPOINT WARNING * * *
You feel drained.
* * * LOW HITPOINT WARNING * * *
The wight freezes you.
* * * LOW HITPOINT WARNING * * *
Unknown command.
It was a potion of invisibility.
You fade into invisibility!
The wight hits you with a +2 short sword of freezing.
* * * LOW HITPOINT WARNING * * *
You feel drained.
You die...

### #. ...... ..# ####.####
.⌠..# #.# ........##...
..######### ....#....#
#.........# #.#.#....#
..#######.# #.#......# #.#
#.# #.###....# ..# ###.#
#.##...### #######...#
#@z)...# #........####
####...###### ##.###.......#
#......... .......#..##.#
#...##....
...##.>#..##.######...##.###
...##...#..#.(.............
..<##..###.................
...##...#..#...............
...##........####.#...#..##


You could see a wight (unable to see you).

Vanquished Creatures
  2 water moccasins
  Duvessa (D:4)
  A sky beast (D:6)
  3 ogres (D:4)
  A kobold brigand (D:6)
  A necrophage (D:3)
  A scorpion (D:4)
  2 wights (D:6)
  A howler monkey (D:5)
  3 orc priests
  A hound (D:6)
  2 iguanas
  3 orc wizards
  4 adders
  A gnoll (D:4)
  An ufetubus (D:4)
  4 dart slugs
  12 orcs
  3 bats (D:3)
  8 endoplasms
  A giant cockroach (D:3)
  4 goblins
  4 hobgoblins
  7 jackals
  A quokka (D:2)
  5 ball pythons
  6 frilled lizards
  12 kobolds
  4 rats
99 creatures vanquished.

Notes
Turn   | Place    | Note
-------+----------+-------------------------------------------
     0 | Abyss:1  | xian the Demonspawn Abyssal Knight began the quest for the
                  | Orb.
     0 | Abyss:1  | Reached XP level 1. HP: 18/18 MP: 2/2
     1 | D:1      | Escaped the Abyss
   452 | D:1      | Reached skill level 1 in Dodging
   465 | D:1      | Gained mutation: You may rarely emit foul miasma when
                  | damaged in melee. [demonic ancestry]
   465 | D:1      | Reached XP level 2. HP: 24/24 MP: 4/4
   550 | D:1      | You fall into a shaft and drop 1 floor!
   660 | D:2      | Found a faded altar of an unknown god.
   986 | D:2      | Reached skill level 3 in Invocations
   999 | D:2      | Gained mutation: You have a pair of small horns on your
                  | head. [demonic ancestry]
   999 | D:2      | Reached XP level 3. HP: 16/29 MP: 5/5
  1269 | D:2      | Found an opulent altar of Gozag.
  1670 | D:3      | Reached *** piety under Lugonu
  1683 | D:3      | Noticed a kobold brigand
  1699 | D:3      | Found a runed translucent gate.
  1730 | D:3      | Reached XP level 4. HP: 35/35 MP: 6/6
  2077 | D:3      | Noticed a necrophage
  2096 | D:3      | Killed a necrophage
  2097 | D:3      | Reached skill level 4 in Invocations
  2097 | D:3      | Gained mutation: You are partially covered in yellow
                  | scales. (AC +2) [demonic ancestry]
  2097 | D:3      | Reached XP level 5. HP: 25/41 MP: 6/8
  2347 | D:3      | Found a runed translucent gate.
  2347 | D:3      | Noticed qeuew's ghost (amateur SpHu)
  2348 | D:3      | Found a runed translucent gate.
  2592 | D:3      | Reached skill level 1 in Stealth
  2935 | D:4      | Noticed Grinder
  2935 | D:4      | Paralysed by Grinder for 4 turns
  2950 | D:4      | Banished Grinder
  2951 | D:4      | Reached skill level 5 in Invocations
  2951 | D:4      | Gained mutation: You are mostly covered in yellow scales.
                  | (AC +3) [demonic ancestry]
  2951 | D:4      | Reached XP level 6. HP: 20/48 MP: 0/9
  3161 | D:4      | Noticed Blork the orc
  3163 | D:4      | Banished Blork the orc
  3190 | D:4      | Noticed Edmund
  3193 | D:4      | Banished Edmund
  3194 | D:4      | Reached skill level 6 in Invocations
  3194 | D:4      | Reached XP level 7. HP: 53/53 MP: 4/11
  3553 | D:4      | Noticed Duvessa
  3554 | D:4      | Noticed Dowan
  3576 | D:4      | Killed Duvessa
  3577 | D:4      | Reached skill level 1 in Throwing
  3577 | D:4      | Banished Dowan
  3949 | D:4      | Reached skill level 7 in Invocations
  3961 | D:4      | Gained mutation: You sometimes emit foul miasma when
                  | damaged in melee. [demonic ancestry]
  3961 | D:4      | Reached XP level 8. HP: 48/60 MP: 13/13
  3979 | D:4      | Reached skill level 5 in Axes
  4165 | D:5      | Entered Level 5 of the Dungeon
  4476 | D:5      | Reached skill level 8 in Invocations
  5060 | D:5      | Found Vorch's Jewellery Emporium.
  5613 | D:6      | HP: 2/56 [wight/+2 short sword of freezing (6)]
  5613 | D:6      | Slain by a wight

Illustrated notes

Levels and vault maps discovered:
D:1:      scummos_arrival_star, layout_loops_cross, serial_glass,
          glass_columns_b, glass_columns_c
D:2:      layout_loops_cross, shapermc_ecumenical_altar_acropolis, basic_altar,
          minivault_23, grunt_ministairs_12, minmay_misc_feat_more_columns,
          nicolae_concentric_dashed_squares_wild
D:3:      layout_basic, gammafunk_ghost_nasty_kobolds, minmay_pentomino_pile
D:4:      layout_basic, minmay_misc_feat_encased, minmay_joined_circles,
          uniq_edmund, uniq_blork_the_orc, uniq_grinder, uniq_duvessa
D:5:      layout_basic, serial_shops, nicolae_shop_waterfront
D:6:      lemuel_castle_with_subvaults [lemuel_castle_interior_carwin_3],
          layout_loops_cross, serial_park_tiny_pond, grunt_ministairs_9

Skill      XL: |  1  2  3  4  5  6  7  8 |
---------------+-------------------------+-----
Dodging        | 1 2 3 |  3.0
Axes           | 2 3 4 6 |  6.0
Invocations    | 3 4 5 6 7 8 |  8.6
Armour         | 2 3 |  3.0
Stealth        | 1 2 |  2.0
Fighting       | 4 |  4.8
Throwing       | 2 |  2.6

Action                   |  1- 3 |  4- 6 |  7- 9 || total
-------------------------+-------+-------+-------++-------
Melee: Hand axe          |    71 |    89 |   172 ||   332
       Punch             |     1 |     1 |     1 ||     3
       Headbutt          |     1 |    18 |    37 ||    56
Throw: Dart              |       |     7 |    25 ||    32
Invok: Banish            |       |     4 |     1 ||     5
  Use: Scroll            |       |     2 |       ||     2
       Potion            |       |       |     3 ||     3
 Stab: Sleeping          |     2 |     1 |       ||     3
Armor: Leather armour    |    12 |    67 |    72 ||   151
Dodge: Dodged            |    47 |    74 |    77 ||   198
